General information
- name: BNet
- type: Ladder team game (AT/RT)
- host: Battle.net
- saver: ihaveafunnyplan
map: TwilightRuins
- players: 8
- length: 62:31
- speed: Fast
- version: 1.28 W3XP
- replay type: Public
» download(332 KB)
Players
team 1 (loser)
LaLiKiLLeR (
pink | 79 APM | 4197 actions | 52:56)
7 Mountain King
3 Storm Bolt
3 Bash
1 Avatar
6 Paladin
3 Holy Light
1 Devotion Aura
1 Divine Shield
1 Resurrection
4 Blood Mage
2 Banish
2 Flame Strike
1 Blademaster
1 Wind Walk
» actions
| Assign group hotkey | 36 | |
| Basic commands | 291 | |
| Build / train | 167 | |
| ESC pressed | 6 | |
| Enter build submenu | 63 | |
| Enter hero's abilities submenu | 19 | |
| Give item / drop item | 5 | |
| Right click | 1653 | |
| Select / deselect | 1204 | |
| Select group hotkey | 537 | |
| Use ability | 216 | |
4197 total
» units
| Peasant | 27 | |
| Rifleman | 6 | |
| Peon | 4 | |
| Knight | 9 | |
| Dragonhawk Rider | 9 | |
| Priest | 9 | |
| Flying Machine | 16 | |
| Siege Engine | 1 | |
| Mortar Team | 3 | |
| Goblin Zeppelin | 2 | |
| Goblin Shredder | 1 | |
87 total
» upgrades
| Lumber Harvesting | 2 | |
| Long Rifles | 1 | |
| Gunpowder | 3 | |
| Masonry | 1 | |
| Magic Sentry | 1 | |
| Cloud | 1 | |
| Priest Training | 2 | |
| Animal War Training | 1 | |
| Plating | 3 | |
| Armor | 1 | |
| Flak Cannons | 1 | |
| Flying Machine Bombs | 1 | |
| Barrage | 1 | |
| Fragmentation Shards | 1 | |
| Swords | 1 | |
21 total
» buildings
| Farm | 12 | |
| Altar of Kings | 1 | |
| Blacksmith | 2 | |
| Barracks | 2 | |
| Lumber Mill | 1 | |
| Keep | 1 | |
| Arcane Vault | 1 | |
| Scout Tower | 19 | |
| Town Hall | 8 | |
| Arcane Tower | 1 | |
| Guard Tower | 14 | |
| Castle | 1 | |
| Gryphon Aviary | 1 | |
| Arcane Sanctum | 1 | |
| Orc Burrow | 1 | |
| Tauren Totem | 1 | |
| Spirit Lodge | 1 | |
| Workshop | 4 | |
72 total
» build order
00:15 Farm
00:18 Altar of Kings
00:43 Blacksmith
01:13 Barracks
01:25 Farm
02:12 Farm
02:57 Farm
03:19 Lumber Mill
04:05 Keep
04:18 Arcane Vault
04:20 Scout Tower
05:14 Town Hall
05:17 Scout Tower
05:19 Scout Tower
05:27 Arcane Tower
05:49 Scout Tower
06:13 Guard Tower
06:19 Guard Tower
06:19 Guard Tower
08:04 Castle
08:07 Gryphon Aviary
09:06 Arcane Sanctum
09:37 Guard Tower
09:50 Guard Tower
10:13 Guard Tower
10:18 Scout Tower
11:14 Scout Tower
11:15 Guard Tower
11:20 Farm
11:37 Farm
11:39 Farm
12:54 Orc Burrow
13:00 Tauren Totem
13:01 Spirit Lodge
13:25 Barracks
13:27 Farm
14:12 Guard Tower
14:15 Farm
16:11 Blacksmith
16:14 Farm
22:34 Workshop
22:38 Workshop
23:23 Workshop
24:32 Workshop
26:30 Farm
26:34 Farm
27:27 Town Hall
31:28 Scout Tower
31:29 Scout Tower
33:41 Town Hall
33:43 Guard Tower
33:44 Scout Tower
35:01 Town Hall
35:22 Guard Tower
36:53 Town Hall
39:19 Scout Tower
39:19 Scout Tower
39:20 Scout Tower
39:32 Scout Tower
39:33 Scout Tower
39:34 Scout Tower
39:34 Scout Tower
39:57 Guard Tower
40:12 Guard Tower
40:23 Guard Tower
41:48 Scout Tower
44:10 Town Hall
44:15 Scout Tower
45:17 Scout Tower
45:21 Guard Tower
46:49 Town Hall
50:26 Town Hall
» items
| Scroll of Regeneration | 1 | |
| Lesser Clarity Potion | 2 | |
| Boots of Speed | 3 | |
| Dust of Appearance | 1 | |
| Ivory Tower | 3 | |
| Scroll of Speed | 1 | |
| Orb of Lightning | 1 | |
| Scroll of Protection | 2 | |
| Scroll of Town Portal | 4 | |
| Staff of Sanctuary | 1 | |
19 total

»
faast (
purple | 35 APM | 2214 actions | 62:29)
7 Blademaster
3 Critical Strike
2 Wind Walk
1 Mirror Image
1 Bladestorm
4 Shadow Hunter
2 Healing Wave
2 Hex
» actions
| Basic commands | 39 | |
| Build / train | 131 | |
| Enter build submenu | 59 | |
| Enter hero's abilities submenu | 11 | |
| Remove unit from queue | 1 | |
| Right click | 836 | |
| Select / deselect | 911 | |
| Use ability | 226 | |
2214 total
» units
| Peon | 24 | |
| Grunt | 8 | |
| Goblin Shredder | 1 | |
| Troll Headhunter/Berserker | 12 | |
| Wind Rider | 10 | |
| Troll Witch Doctor | 3 | |
| Troll Batrider | 4 | |
| Raider | 5 | |
| Demolisher | 6 | |
73 total
» upgrades
| Melee Weapons | 4 | |
| Armor | 4 | |
| Spiked Barricades | 4 | |
| Ranged Weapons | 2 | |
| Envenomed Spears | 1 | |
| Witch Doctor Training | 2 | |
| Liquid Fire | 1 | |
| Ensnare | 1 | |
| Burning Oil | 1 | |
20 total
» buildings
| Orc Burrow | 18 | |
| Altar of Storms | 4 | |
| Barracks | 1 | |
| War Mill | 3 | |
| Voodoo Lounge | 2 | |
| Stronghold | 3 | |
| Watch Tower | 26 | |
| Fortress | 2 | |
| Spirit Lodge | 1 | |
| Beastiary | 4 | |
| Great Hall | 4 | |
68 total
» build order
00:20 Orc Burrow
00:23 Altar of Storms
00:34 Barracks
01:57 Orc Burrow
03:01 Orc Burrow
03:22 War Mill
04:02 Voodoo Lounge
05:04 Stronghold
05:27 Watch Tower
05:45 Orc Burrow
06:46 Watch Tower
08:39 Fortress
11:26 Spirit Lodge
11:31 Beastiary
12:29 Beastiary
12:44 Orc Burrow
13:54 Orc Burrow
14:04 Great Hall
15:29 Watch Tower
15:29 Watch Tower
15:30 Watch Tower
15:39 Watch Tower
16:55 Orc Burrow
19:38 Watch Tower
19:38 Watch Tower
19:38 Watch Tower
25:09 War Mill
25:13 Orc Burrow
26:30 Great Hall
26:51 Stronghold
27:19 Watch Tower
28:31 Watch Tower
28:55 Altar of Storms
29:34 Orc Burrow
29:38 Orc Burrow
29:58 Watch Tower
30:15 Fortress
31:13 Watch Tower
32:08 Orc Burrow
32:22 Watch Tower
33:31 Voodoo Lounge
35:41 Orc Burrow
43:41 Great Hall
46:40 Orc Burrow
47:33 Orc Burrow
48:37 Altar of Storms
49:42 Orc Burrow
49:50 Orc Burrow
50:25 Orc Burrow
50:37 War Mill
50:45 Orc Burrow
51:04 Stronghold
53:50 Watch Tower
53:51 Watch Tower
54:44 Beastiary
54:59 Watch Tower
54:59 Watch Tower
55:19 Beastiary
56:18 Watch Tower
56:19 Watch Tower
56:36 Watch Tower
56:39 Watch Tower
57:39 Watch Tower
57:39 Watch Tower
58:58 Watch Tower
59:00 Watch Tower
59:13 Great Hall
59:56 Altar of Storms
» items
| Scroll of Town Portal | 9 | |
| Scroll of Healing | 5 | |
| Potion of Lesser Invulnerability | 5 | |
19 total

»
kevinnash (
yellow | 28 APM | 1748 actions | 62:29)
3 Death Knight
2 Death Coil
1 Unholy Aura
1 Crypt Lord
1 Carrion Beetles
» actions
| Basic commands | 300 | |
| Build / train | 101 | |
| Enter build submenu | 48 | |
| Enter hero's abilities submenu | 4 | |
| Remove unit from queue | 11 | |
| Right click | 454 | |
| Select / deselect | 720 | |
| Use ability | 110 | |
1748 total
» units
| Acolyte | 6 | |
| Ghoul | 16 | |
| Giant Sea Turtle | 1 | |
| Frost Wyrm | 17 | |
| Peon | 8 | |
| Wind Rider | 14 | |
| Troll Batrider | 2 | |
| Gargoyle | 6 | |
70 total
» upgrades
| Burning Oil | 1 | |
| Freezing Breath | 1 | |
| Liquid Fire | 1 | |
| Creature Attack | 1 | |
| Envenomed Spears | 1 | |
5 total
» buildings
| Altar of Darkness | 1 | |
| Ziggurat | 11 | |
| Crypt | 2 | |
| Graveyard | 1 | |
| Nerubian Tower | 1 | |
| Tomb of Relics | 1 | |
| Spirit Tower | 1 | |
| Halls of the Dead | 1 | |
| Sacrificial Pit | 1 | |
| Black Citadel | 1 | |
| Boneyard | 3 | |
| Tauren Totem | 1 | |
| Beastiary | 5 | |
| Watch Tower | 11 | |
| Orc Burrow | 2 | |
| Cannon Tower | 1 | |
44 total
» build order
00:19 Altar of Darkness
00:23 Ziggurat
00:43 Crypt
01:07 Graveyard
01:15 Nerubian Tower
01:39 Tomb of Relics
01:47 Ziggurat
02:46 Spirit Tower
03:33 Halls of the Dead
03:52 Ziggurat
04:54 Crypt
05:56 Sacrificial Pit
05:58 Black Citadel
06:50 Ziggurat
08:23 Boneyard
08:29 Boneyard
08:43 Boneyard
09:56 Ziggurat
09:58 Ziggurat
10:13 Tauren Totem
10:18 Beastiary
10:40 Watch Tower
10:44 Watch Tower
10:57 Watch Tower
11:02 Watch Tower
11:05 Watch Tower
11:36 Orc Burrow
13:26 Watch Tower
13:34 Beastiary
13:38 Beastiary
13:42 Beastiary
13:48 Watch Tower
13:49 Watch Tower
13:53 Orc Burrow
15:02 Beastiary
15:08 Watch Tower
15:12 Watch Tower
15:14 Watch Tower
20:28 Ziggurat
20:28 Ziggurat
20:33 Ziggurat
20:34 Ziggurat
20:37 Ziggurat
53:33 Cannon Tower
» items
| Rod of Necromancy | 1 | |
| Orb of Corruption | 1 | |
| Scroll of Town Portal | 2 | |
4 total
MashedPotato (
blue | 51 APM | 444 actions | 08:47)
4 Blademaster
2 Wind Walk
2 Critical Strike
» actions
| Assign group hotkey | 18 | |
| Basic commands | 13 | |
| Build / train | 29 | |
| Enter build submenu | 19 | |
| Enter hero's abilities submenu | 4 | |
| Give item / drop item | 5 | |
| Right click | 166 | |
| Select / deselect | 102 | |
| Select group hotkey | 46 | |
| Use ability | 42 | |
444 total
» units
| Peon | 8 | |
| Grunt | 7 | |
| Goblin Shredder | 1 | |
16 total
» buildings
| Orc Burrow | 3 | |
| Altar of Storms | 1 | |
| Barracks | 1 | |
| Voodoo Lounge | 2 | |
| Stronghold | 1 | |
| Great Hall | 1 | |
| War Mill | 1 | |
| Watch Tower | 9 | |
| Fortress | 1 | |
20 total
» build order
00:09 Orc Burrow
00:52 Altar of Storms
00:53 Barracks
01:07 Orc Burrow
01:47 Voodoo Lounge
01:52 Voodoo Lounge
02:51 Stronghold
04:16 Orc Burrow
04:37 Great Hall
05:26 War Mill
06:42 Watch Tower
06:43 Watch Tower
06:43 Watch Tower
06:43 Watch Tower
07:19 Fortress
07:31 Watch Tower
07:32 Watch Tower
08:40 Watch Tower
08:42 Watch Tower
» items
| Healing Salve | 3 | |
| Mechanical Critter | 2 | |
| Scroll of Regeneration | 1 | |
6 total
team 2 (winner)

»
Pewpewkachoo (
teal | 49 APM | 845 actions | 17:06)
3 Death Knight
1 Death Coil
2 Unholy Aura
1 Lich
1 Frost Nova
» actions
| Assign group hotkey | 18 | |
| Basic commands | 9 | |
| Build / train | 47 | |
| Enter build submenu | 19 | |
| Enter hero's abilities submenu | 4 | |
| Give item / drop item | 1 | |
| Remove unit from queue | 2 | |
| Right click | 383 | |
| Select / deselect | 210 | |
| Select group hotkey | 96 | |
| Use ability | 56 | |
845 total
» units
| Acolyte | 7 | |
| Ghoul | 3 | |
| Crypt Fiend | 10 | |
| Frost Wyrm | 3 | |
23 total
» upgrades
| Creature Attack | 2 | |
| Creature Carapace | 2 | |
| Web | 1 | |
5 total
» buildings
| Altar of Darkness | 1 | |
| Ziggurat | 7 | |
| Crypt | 1 | |
| Graveyard | 1 | |
| Nerubian Tower | 1 | |
| Tomb of Relics | 1 | |
| Spirit Tower | 1 | |
| Halls of the Dead | 1 | |
| Black Citadel | 1 | |
| Sacrificial Pit | 1 | |
| Boneyard | 3 | |
19 total
» build order
00:07 Altar of Darkness
00:08 Ziggurat
00:35 Crypt
00:57 Graveyard
01:26 Ziggurat
01:30 Nerubian Tower
02:22 Tomb of Relics
04:16 Ziggurat
04:24 Spirit Tower
05:06 Halls of the Dead
08:08 Ziggurat
10:47 Black Citadel
12:35 Sacrificial Pit
13:48 Boneyard
13:49 Boneyard
13:54 Boneyard
13:59 Ziggurat
14:36 Ziggurat
15:44 Ziggurat
» items
| Rod of Necromancy | 1 | |
| Periapt of Vitality | 2 | |
| Potion of Healing | 1 | |
| Scroll of Town Portal | 2 | |
| Orb of Corruption | 1 | |
7 total
MajorNewbs (
green | 26 APM | 455 actions | 17:19)
4 Blood Mage
2 Flame Strike
2 Siphon Mana
» actions
| Basic commands | 17 | |
| Build / train | 57 | |
| Enter build submenu | 23 | |
| Enter hero's abilities submenu | 4 | |
| Give item / drop item | 1 | |
| Right click | 75 | |
| Select / deselect | 218 | |
| Use ability | 60 | |
455 total
» units
| Peasant | 12 | |
| Mortar Team | 16 | |
| Sorceress | 1 | |
| Flying Machine | 2 | |
31 total
» upgrades
| Gunpowder | 3 | |
| Armor | 3 | |
| Flare | 1 | |
| Fragmentation Shards | 1 | |
| Flak Cannons | 1 | |
| Flying Machine Bombs | 1 | |
10 total
» buildings
| Lumber Mill | 1 | |
| Farm | 11 | |
| Scout Tower | 1 | |
| Altar of Kings | 1 | |
| Arcane Tower | 1 | |
| Blacksmith | 1 | |
| Keep | 1 | |
| Castle | 1 | |
| Workshop | 3 | |
| Arcane Vault | 1 | |
| Arcane Sanctum | 1 | |
23 total
» build order
00:30 Lumber Mill
01:09 Farm
01:28 Scout Tower
01:57 Altar of Kings
02:07 Arcane Tower
02:09 Farm
03:02 Farm
03:12 Blacksmith
03:16 Keep
03:55 Farm
04:34 Farm
05:27 Farm
05:47 Castle
06:01 Workshop
06:03 Workshop
06:06 Workshop
06:09 Farm
09:30 Arcane Vault
09:32 Farm
10:06 Arcane Sanctum
10:14 Farm
10:47 Farm
11:31 Farm
» items
| Boots of Speed | 1 | |
| Scroll of Town Portal | 2 | |
| Circlet of Nobility | 1 | |
| Scroll of Regeneration | 1 | |
5 total
CSEVEN (
red | 37 APM | 670 actions | 18:05)
4 Death Knight
1 Death Coil
2 Unholy Aura
1 Death Pact
1 Dreadlord
1 Vampiric Aura
» actions
| Basic commands | 18 | |
| Build / train | 62 | |
| Enter build submenu | 19 | |
| Enter hero's abilities submenu | 5 | |
| Give item / drop item | 5 | |
| Right click | 283 | |
| Select / deselect | 219 | |
| Use ability | 59 | |
670 total
» units
| Acolyte | 8 | |
| Ghoul | 10 | |
| Crypt Fiend | 5 | |
| Goblin Shredder | 2 | |
| Obsidian Statue | 2 | |
27 total
» upgrades
| Unholy Strength | 2 | |
| Unholy Armor | 1 | |
| Web | 1 | |
| Creature Attack | 1 | |
| Creature Carapace | 1 | |
6 total
» buildings
| Ziggurat | 6 | |
| Altar of Darkness | 1 | |
| Crypt | 3 | |
| Tomb of Relics | 1 | |
| Graveyard | 1 | |
| Halls of the Dead | 3 | |
| Sacrificial Pit | 1 | |
| Black Citadel | 3 | |
| Slaughterhouse | 1 | |
| Necropolis | 1 | |
21 total
» build order
00:10 Ziggurat
00:13 Altar of Darkness
01:34 Crypt
01:37 Tomb of Relics
01:44 Ziggurat
02:22 Graveyard
03:17 Ziggurat
05:22 Halls of the Dead
05:23 Halls of the Dead
05:23 Halls of the Dead
05:33 Ziggurat
05:35 Crypt
06:12 Ziggurat
10:50 Sacrificial Pit
13:25 Ziggurat
13:30 Black Citadel
13:30 Black Citadel
13:37 Crypt
13:43 Slaughterhouse
17:47 Necropolis
» items
| Rod of Necromancy | 1 | |
| Circlet of Nobility | 5 | |
| Dust of Appearance | 1 | |
| Scroll of Town Portal | 3 | |
| Potion of Healing | 3 | |
| Potion of Mana | 1 | |
| Periapt of Vitality | 1 | |
| Potion of Lesser Invulnerability | 1 | |
16 total
ihaveafunnyplan (
orange | 123 APM | 7698 actions | 62:31)
10 Archmage
3 Summon Water Elemental
3 Brilliance Aura
1 Mass Teleport
3 Blizzard
10 Mountain King
3 Storm Bolt
3 Bash
1 Avatar
3 Thunder Clap
» actions
| Assign group hotkey | 179 | |
| Basic commands | 401 | |
| Build / train | 363 | |
| ESC pressed | 14 | |
| Enter build submenu | 117 | |
| Enter hero's abilities submenu | 20 | |
| Give item / drop item | 14 | |
| Remove unit from queue | 13 | |
| Right click | 2428 | |
| Select / deselect | 1010 | |
| Select group hotkey | 2489 | |
| Use ability | 649 | |
7698 total
» units
| Peasant | 22 | |
| Footman | 7 | |
| Rifleman | 13 | |
| Goblin Shredder | 13 | |
| Goblin Zeppelin | 7 | |
| Gryphon Rider | 4 | |
| Dragonhawk Rider | 5 | |
| Sorceress | 8 | |
| Priest | 6 | |
| Siege Engine | 12 | |
| Spell Breaker | 3 | |
| Frost Wyrm | 4 | |
| Goblin Sapper | 1 | |
105 total
» upgrades
| Gunpowder | 3 | |
| Masonry | 5 | |
| Long Rifles | 1 | |
| Armor | 3 | |
| Lumber Harvesting | 1 | |
| Swords | 3 | |
| Storm Hammers | 1 | |
| Animal War Training | 1 | |
| Cloud | 1 | |
| Priest Training | 2 | |
| Sorceress Training | 2 | |
| Barrage | 2 | |
| Plating | 6 | |
| Creature Carapace | 2 | |
| Creature Attack | 1 | |
34 total
» buildings
| Altar of Kings | 1 | |
| Barracks | 2 | |
| Farm | 13 | |
| Arcane Vault | 1 | |
| Lumber Mill | 2 | |
| Blacksmith | 1 | |
| Scout Tower | 58 | |
| Town Hall | 5 | |
| Arcane Tower | 15 | |
| Keep | 5 | |
| Guard Tower | 86 | |
| Gryphon Aviary | 3 | |
| Castle | 4 | |
| Arcane Sanctum | 6 | |
| Spirit Tower | 4 | |
| Halls of the Dead | 5 | |
| Boneyard | 3 | |
| Workshop | 4 | |
| Ziggurat | 2 | |
220 total
» build order
00:50 Altar of Kings
00:52 Barracks
00:55 Farm
01:04 Farm
01:31 Farm
01:55 Arcane Vault
02:06 Lumber Mill
02:23 Blacksmith
03:31 Scout Tower
03:42 Farm
04:07 Town Hall
04:10 Scout Tower
04:27 Arcane Tower
04:28 Arcane Tower
05:22 Arcane Tower
05:59 Keep
06:00 Keep
06:00 Keep
06:00 Keep
06:54 Scout Tower
06:55 Scout Tower
06:56 Scout Tower
06:58 Scout Tower
07:24 Farm
07:27 Farm
07:31 Guard Tower
07:31 Guard Tower
07:31 Guard Tower
07:32 Guard Tower
07:32 Guard Tower
10:31 Gryphon Aviary
11:05 Castle
11:05 Castle
11:05 Castle
12:04 Gryphon Aviary
12:06 Gryphon Aviary
12:41 Scout Tower
12:41 Scout Tower
12:42 Scout Tower
12:43 Scout Tower
12:44 Scout Tower
12:45 Scout Tower
12:48 Scout Tower
14:00 Scout Tower
14:01 Scout Tower
14:02 Scout Tower
14:06 Guard Tower
14:06 Guard Tower
14:47 Guard Tower
14:54 Scout Tower
14:55 Scout Tower
14:56 Scout Tower
15:28 Guard Tower
15:29 Guard Tower
16:26 Farm
16:27 Farm
16:31 Farm
16:37 Scout Tower
17:09 Scout Tower
17:11 Scout Tower
17:13 Scout Tower
17:25 Guard Tower
17:25 Guard Tower
17:47 Guard Tower
17:47 Guard Tower
17:47 Guard Tower
17:48 Guard Tower
17:48 Guard Tower
17:48 Guard Tower
17:49 Guard Tower
17:49 Guard Tower
17:50 Guard Tower
17:55 Scout Tower
17:59 Scout Tower
18:03 Scout Tower
18:08 Scout Tower
18:23 Guard Tower
18:23 Guard Tower
18:24 Guard Tower
18:30 Guard Tower
18:30 Guard Tower
18:30 Guard Tower
18:34 Farm
18:36 Guard Tower
18:39 Guard Tower
18:39 Guard Tower
18:39 Guard Tower
20:48 Town Hall
20:50 Scout Tower
20:50 Scout Tower
20:51 Scout Tower
20:52 Scout Tower
21:07 Farm
21:09 Farm
21:11 Farm
21:21 Guard Tower
21:21 Guard Tower
21:21 Guard Tower
21:23 Guard Tower
21:23 Guard Tower
21:23 Guard Tower
23:06 Arcane Sanctum
23:07 Arcane Sanctum
24:07 Scout Tower
24:10 Scout Tower
24:35 Arcane Tower
24:39 Arcane Tower
25:40 Spirit Tower
25:41 Spirit Tower
25:41 Spirit Tower
30:18 Town Hall
30:22 Scout Tower
30:26 Scout Tower
30:29 Scout Tower
30:48 Arcane Tower
30:49 Arcane Tower
30:49 Arcane Tower
30:49 Arcane Tower
31:20 Guard Tower
31:20 Guard Tower
31:20 Guard Tower
31:21 Guard Tower
31:21 Guard Tower
32:17 Scout Tower
32:17 Scout Tower
32:18 Scout Tower
32:19 Scout Tower
32:24 Scout Tower
32:25 Scout Tower
32:27 Scout Tower
32:29 Scout Tower
32:39 Scout Tower
32:39 Scout Tower
32:40 Scout Tower
33:05 Guard Tower
33:05 Guard Tower
33:06 Guard Tower
33:15 Guard Tower
33:15 Guard Tower
33:15 Guard Tower
40:08 Lumber Mill
41:26 Town Hall
41:29 Scout Tower
41:30 Scout Tower
41:31 Scout Tower
41:32 Scout Tower
41:34 Scout Tower
42:05 Arcane Tower
42:06 Guard Tower
42:06 Guard Tower
42:06 Guard Tower
42:08 Guard Tower
42:08 Guard Tower
42:09 Guard Tower
42:09 Guard Tower
42:50 Guard Tower
42:50 Guard Tower
42:50 Guard Tower
42:51 Guard Tower
44:04 Halls of the Dead
44:04 Halls of the Dead
44:04 Halls of the Dead
44:04 Halls of the Dead
44:11 Boneyard
44:12 Boneyard
44:14 Boneyard
44:43 Arcane Sanctum
44:45 Arcane Sanctum
44:50 Barracks
44:58 Scout Tower
46:32 Workshop
46:34 Workshop
47:06 Ziggurat
47:07 Ziggurat
48:20 Workshop
48:22 Workshop
48:25 Scout Tower
48:26 Scout Tower
48:27 Scout Tower
49:28 Arcane Sanctum
49:29 Arcane Sanctum
50:40 Guard Tower
55:06 Town Hall
55:07 Scout Tower
55:09 Scout Tower
56:05 Arcane Tower
56:06 Guard Tower
56:06 Guard Tower
56:06 Guard Tower
56:07 Guard Tower
» items
| Scroll of Regeneration | 12 | |
| Mechanical Critter | 4 | |
| Scroll of Town Portal | 3 | |
| Staff of Teleportation | 1 | |
| Periapt of Vitality | 2 | |
| Boots of Speed | 1 | |
| Staff of Sanctuary | 1 | |
| Lesser Clarity Potion | 1 | |
| Mana Stone | 1 | |
| Talisman of Evasion | 1 | |
| Pendant of Energy | 1 | |
| Potion of Healing | 1 | |
| Potion of Lesser Invulnerability | 1 | |
30 total
Chat log
(00:16 / Allies) MajorNewbs: cc harass exploit
(00:24 / Allies) CSEVEN: oh
(00:25 / Allies) MajorNewbs: Be ProActive
(00:31 / Allies) Pewpewkachoo: ok
(00:31 / Allies) CSEVEN: you going.....mortors??
(00:41 / Allies) MajorNewbs: what it look like
(00:52 / Allies) CSEVEN: the predictible MajorNewbs
(01:01 / Allies) Pewpewkachoo: morts are fine
(01:09 / Allies) CSEVEN: you gonna start spitting scriptures too???
(01:16 / Allies) MajorNewbs: work around Me new b
(01:21 / Allies) MajorNewbs: morts are nukes
(01:37 / Allies) MajorNewbs: look at this way
(01:42 / Allies) MajorNewbs: been in a real war
(01:52 / Allies) Pewpewkachoo: in a real war morts would own
(01:53 / Allies) MajorNewbs: get h it by a mortar shell see if you survive
(01:59 / Allies) ihaveafunnyplan: lol
(02:01 / Allies) Pewpewkachoo: espacially since there would be no nuke equivalent in this gamre
(02:04 / Allies) MajorNewbs: teal is smarter than you newb
(02:05 / Allies) CSEVEN: get hit with a sword
(02:23 / Allies) MajorNewbs: a mortar round would kill you
(02:25 / All) MashedPotato: NWO WOLF PAC FOR LIFE
(02:30 / Allies) MajorNewbs: you could survive a stabbing
(02:37 / Allies) ihaveafunnyplan: can you survive a stabbing?
(02:37 / All) kevinnash: tooo sweeet
(02:48 / Allies) MajorNewbs: depends where it lands
(02:49 / All) CSEVEN: stfu 80's ass old head
(02:56 / Allies) MajorNewbs: bu a mortar round would blow your ass up
(02:58 / Allies) MajorNewbs: DEATH
(03:06 / Allies) MajorNewbs: bombs are no jokes
(03:12 / Allies) Pewpewkachoo: mortars have range
(03:14 / Allies) Pewpewkachoo: swords do not
(03:27 / Allies) MajorNewbs: there is a reason teal is smarter than you
(03:35 / Allies) Pewpewkachoo: green
(03:38 / Allies) Pewpewkachoo: i am smarter than you as well
(03:39 / Allies) MajorNewbs: a mortar round is a a baby nuke
(03:45 / Allies) Pewpewkachoo: and thats not saying much
(03:51 / Allies) MajorNewbs: ask japan in hiroshima and nagasaki
(04:13 / Allies) MajorNewbs: US won by Carpet bombing mortar shells from the Sky
(04:15 / Allies) MajorNewbs: dumbass
(04:17 / Allies) MajorNewbs: get smart
(04:31 / Allies) MajorNewbs: Bombs crumble all buildings
(04:44 / Allies) MajorNewbs: try killing a building with a sword
(04:46 / Allies) MajorNewbs: dumbass
(04:54 / Allies) MajorNewbs: My point is Proven
(05:17 / Allies) MajorNewbs: US Won World War Two By Carpet Bombing mortar shells from a Air Plane
(05:24 / Allies) MajorNewbs: damn, I Just proved you dumb
(05:40 / Allies) MajorNewbs: a mortar shell will blow your ass up
(05:43 / Allies) MajorNewbs: no stab you
(05:56 / Allies) MajorNewbs: I Am always Right Period
(06:09 / Allies) Pewpewkachoo: i am surpised u have kept talking at this poitn tbh
(06:27 / Allies) MajorNewbs: Proved My point, just made you newbs smarter
(06:38 / Allies) MajorNewbs: you all just got more intelligent
(06:54 / Allies) Pewpewkachoo: thanks dad
(07:06 / Allies) MajorNewbs: what it look like
(08:10 / Allies) Pewpewkachoo: lets hit
(08:43 / All) kevinnash: teal
(08:47 / All) Pewpewkachoo: i thought blue was lagging
(08:47 / All) LaLiKiLLeR: i smell hack
(09:19 / All) Pewpewkachoo: what does it smell like?
(11:25 / Allies) Pewpewkachoo: dc me
(11:33 / Allies) ihaveafunnyplan: ?
(11:41 / Allies) ihaveafunnyplan: hit somewhere else
(12:10 / Allies) Pewpewkachoo: dude
(12:15 / Allies) Pewpewkachoo: dc me u fucking cunt
(13:06 / Allies) MajorNewbs: red is retarded for sure
(13:15 / Allies) Pewpewkachoo: red
(13:16 / Allies) Pewpewkachoo: gold pelase
(13:18 / Allies) MajorNewbs: unless he has his ass cheeks open for the other side
(13:29 / Allies) MajorNewbs: red has his ass cheeks open for the enemy
(13:44 / Allies) MajorNewbs: red is a fagget with all that gold
(13:46 / Allies) MajorNewbs: dumb newb
(14:12 / Allies) MajorNewbs: red stop playing this game, you are way too dumb
(14:17 / Allies) MajorNewbs: UNREAL
(14:20 / Allies) CSEVEN: lol
(14:27 / Allies) CSEVEN: you mad at my gold?
(14:28 / All) ihaveafunnyplan: why is everyone dropping in bnet
(14:32 / Allies) Pewpewkachoo: can i have some please
(14:35 / Allies) MajorNewbs: red makes downs syndrome people look like geniuses
(14:40 / Allies) MajorNewbs: that is how dumb red is
(15:05 / Allies) MajorNewbs: red, liberate yourself from brain cancer
(15:12 / Allies) MajorNewbs: or get lobotimized
(15:37 / Allies) Pewpewkachoo: red
(15:41 / Allies) MajorNewbs: red is fighting for the enemy
(15:41 / Allies) Pewpewkachoo: can i have 1k gold pleas
(15:44 / Allies) MajorNewbs: Snuff his ass
(15:54 / Allies) MajorNewbs: Time to take red out
(16:00 / Allies) MajorNewbs: he is a traitor newb bitch
(16:14 / Allies) Pewpewkachoo: relax
(16:18 / All) MajorNewbs: Gg, red is tking
(16:18 / Allies) Pewpewkachoo: just give me some gold please red :d
(16:47 / Allies) Pewpewkachoo: why
(16:53 / Allies) MajorNewbs: red is a bitch
(16:55 / Allies) MajorNewbs: tking us
(16:56 / Allies) Pewpewkachoo: t
(16:57 / Allies) Pewpewkachoo: tp
(16:57 / Allies) Pewpewkachoo: tp
(17:01 / Allies) MajorNewbs: now spending his gold
(17:05 / Allies) MajorNewbs: red is a fag
(24:44 / All) kevinnash: wooo
(24:53 / All) ihaveafunnyplan: you lose
(24:54 / All) ihaveafunnyplan: leave
(25:00 / All) ihaveafunnyplan: pink and purp
(32:44 / All) kevinnash: he massing that air ol
(37:33 / All) kevinnash: get fucked son
(38:19 / All) kevinnash: pink what happen to your army lol
(39:53 / All) kevinnash: that wizard lol
(46:12 / All) kevinnash: k o bitch
(46:20 / All) kevinnash: lol
(46:37 / All) kevinnash: lol
(46:43 / All) kevinnash: booom ko bitch
(46:53 / All) kevinnash: lol
(47:31 / All) kevinnash: lala you ready to have my thang in your mouth
(48:38 / All) kevinnash: rofl
(48:56 / All) kevinnash: ko bitch
(49:11 / All) kevinnash: lol
(49:20 / All) kevinnash: ko bitch
(50:03 / 7) ihaveafunnyplan: won't let me whisper you
(50:05 / 7) ihaveafunnyplan: how much gold they got
(50:57 / 7) ihaveafunnyplan: jesus christ
(51:46 / 7) ihaveafunnyplan: not sure if I have this
(52:04 / All) kevinnash: rofl ko bitch
(52:28 / All) kevinnash: lol
(52:35 / All) kevinnash: lala so bad lol
(52:50 / All) kevinnash: i unsummon?
(53:09 / All) kevinnash: rofl just purp now
(54:00 / All) kevinnash: purp 2nd
(54:28 / All) ihaveafunnyplan: fucking leave
(54:43 / All) kevinnash: pink bases geting tk lol
(54:55 / All) ihaveafunnyplan: raped
(55:00 / All) ihaveafunnyplan: you lose purple
(55:10 / All) faast: so? im not leaving
(55:11 / All) kevinnash: lol you lose purp
(55:25 / All) ihaveafunnyplan: you can leave now or when it says defeat
(55:35 / All) kevinnash: this noob has 25 k
(55:38 / All) faast: ill wait for defeat
(55:52 / All) kevinnash: woo ko
(56:05 / All) kevinnash: jack knife that sob
(56:49 / 7) ihaveafunnyplan: I wasn't sure I had this
(56:52 / 7) ihaveafunnyplan: we're lucky pink sucked
(57:35 / All) ihaveafunnyplan: raped
(57:47 / All) kevinnash: rofl he runing with his weak ass bm
(58:19 / All) kevinnash: going air are we purp
(58:43 / All) kevinnash: rofl
(58:47 / All) kevinnash: K O
(59:20 / All) ihaveafunnyplan: LOL
(60:00 / All) kevinnash: woo kick his ass seabass
(60:28 / All) kevinnash: he towering by teal base lol
(61:12 / All) ihaveafunnyplan: I have 2 level 10 heroes
(61:26 / All) faast: you must not win very often then
(61:32 / All) kevinnash: lol purp
(61:33 / All) faast: if thats what impresses you
(61:46 / All) ihaveafunnyplan: normally it doesn't take me to where I have 2 level 10 heroes to win
(61:50 / All) ihaveafunnyplan: does it take that long for you?
(61:50 / All) kevinnash: uh oh the going see us
(61:56 / All) faast: your fag boyfriend TKs and you are proud....
(62:02 / All) ihaveafunnyplan: lpol
(62:04 / All) faast: LOL sorry faggots
(62:10 / All) kevinnash: wooo
(62:18 / All) faast: LOSERS in real life
(62:22 / All) ihaveafunnyplan: out purp
(62:23 / All) ihaveafunnyplan: you lost
(62:24 / All) kevinnash: kevin nash always says get me some faggit on saturdays